 Dungeon Crawl Stone Soup version 0.25.1-2-g60ff931df9 (webtiles) character file.

Game seed: 7479065821707113010

99 raphialitos the Firebug (level 4, -5/34 HPs)
             Began as a Draconian Fire Elementalist on Oct 19, 2020.
             Killed from afar by Natasha (8 damage)
             ... with a magic dart
             ... on level 2 of the Dungeon.
             The game lasted 00:05:34 (2111 turns).

raphialitos the Firebug (DrFE)                      Turns: 2111, Time: 00:05:35

Health: -5/34      AC:  5    Str: 11    XL:     4   Next: 45%
Magic:  0/8        EV: 12    Int: 16    God:
Gold:   94         SH:  0    Dex:  7    Spells: 4/8 levels left

rFire    . . .     SeeInvis .   c - +0 spear
rCold    . . .     Gourm    .   (no shield)
rNeg     . . .     Faith    .   (armour unavailable)
rPois    .         Spirit   .   (helmet restricted)
rElec    .         Reflect  .   (no cloak)
rCorr    .         Harm     .   (no gloves)
MR       .....                  (no boots)
Stlth    ++........             (no amulet)
HPRegen  0.11/turn              e - -4 ring of dexterity (curse)
MPRegen  0.11/turn              (no ring)

@: very slightly contaminated
A: unfitting armour, cold-blooded, AC +5
a: no special abilities


You were on level 2 of the Dungeon.
You were not hungry.

You visited 1 branch of the dungeon, and saw 2 of its levels.

You collected 94 gold pieces.

Inventory:

Hand Weapons
 c - a +0 spear (weapon)
Missiles
 d - 14 arrows
Jewellery
 e - a cursed -4 ring of dexterity (left hand)
 h - a cursed ring of attention {unknown}
Potions
 f - 2 potions of brilliance {unknown}
 g - a potion of berserk rage {unknown}
Comestibles
 b - 5 rations


   Skills:
 + Level 0.3 Fighting
 + Level 0.2 Polearms
 + Level 2.1 Dodging
 + Level 2.2 Stealth
 + Level 2.8 Spellcasting
 + Level 1.9 Conjurations
 + Level 3.8 Fire Magic


You had 4 spell levels left.
You knew the following spells:

 Your Spells              Type           Power        Failure   Level  Hunger
a - Foxfire               Conj/Fire      ##..         6%          1    #......
b - Conjure Flame         Conj/Fire      ##......     17%         3    ###....

Your spell library contained the following spells:

 Spells                   Type           Power        Failure   Level  Hunger
 Inner Flame              Hex/Fire       #.......     26%         3    ###....
 Sticky Flame             Conj/Fire      ##......     50%         4    #####..
 Fireball                 Conj/Fire      ##........   85%         5    ######.


Dungeon Overview and Level Annotations

Branches:
Dungeon (2/15)

Altars:

Annotations:
D:2 Natasha


Innate Abilities, Weirdness & Mutations

Your plain brown scales are hard. (AC +5)
You cannot fit into any form of body armour.
You are cold-blooded and may be slowed by cold attacks.


Message History

Confirm with . or Enter, or press ? or * to list all spells.
You conjure some foxfire!
Natasha claws you.
* * * LOW HITPOINT WARNING * * *
The crimson imp blinks!
The crimson imp barely misses you.
The foxfire hits the crimson imp.
The crimson imp completely resists.
Natasha zaps a wand.
Some rock shatters into small pieces.
The foxfire hits the crimson imp but does no damage.
The crimson imp shouts, "Bolt, thou villainous toad-spotted varlet!"
Casting: Foxfire (safe; 6% risk of failure)
Confirm with . or Enter, or press ? or * to list all spells.
You conjure some foxfire!
The crimson imp disappears in a puff of smoke!
The crimson imp barely misses you.
The foxfire hits Natasha but does no damage.
Natasha is moderately wounded.
The foxfire hits the crimson imp.
The crimson imp completely resists.
The crimson imp blinks!
Natasha casts a spell at you. The magic dart hits you!
You die...

###
#.#...#.........5.>#
###รท.....###.####...##
#......#.#...###....#
#.######............#
#.# #.........#### #.#
#.........#
#w######......h..#
#w...............#
#######..#.###@###
#####..# #.# #......#
#.# #.###.## #.#
#.###.# #.# #.....#
#.##### #.##### #....<#
### #######


You could see Natasha.

Vanquished Creatures
  Natasha (twice) (D:2)
  A worm (D:2)
  2 dart slugs (D:2)
  3 leopard geckos
  2 ball pythons
  3 giant cockroaches
  5 goblins (D:1)
  3 hobgoblins
  6 kobolds
  5 bats (D:1)
  3 frilled lizards (D:1)
  3 rats (D:1)
38 creatures vanquished.

Vanquished Creatures (others)
  128 foxfires
128 creatures vanquished.

Grand Total: 166 creatures vanquished

Notes
Turn   | Place    | Note
-------+----------+-------------------------------------------
     0 | D:1      | raphialitos the Draconian Fire Elementalist began the quest
                  | for the Orb.
     0 | D:1      | Reached XP level 1. HP: 14/14 MP: 3/3
   208 | D:1      | Reached XP level 2. HP: 20/20 MP: 1/5
  1030 | D:1      | Reached XP level 3. HP: 26/26 MP: 2/6
  1410 | D:2      | Learned a level 3 spell: Conjure Flame
  1441 | D:2      | Noticed Natasha
  1451 | D:2      | Killed Natasha
  1795 | D:2      | Reached XP level 4. HP: 24/33 MP: 1/8
  1973 | D:2      | Noticed Natasha
  1995 | D:2      | Killed Natasha
  2087 | D:2      | Noticed Natasha
  2111 | D:2      | Killed from afar by Natasha

Illustrated notes

Levels and vault maps discovered:
D:1:      lightli_arrival_statue_moat, layout_basic
D:2:      layout_basic, uniq_natasha

Skill      XL: |  1  2  3 |
---------------+----------+-----
Dodging        | 2 |  2.1
Stealth        | 2 |  2.2
Fighting       | |  0.3
Polearms       | |  0.2
Spellcasting   | |  2.8
Conjurations   | |  1.9
Fire Magic     | |  3.8

Action                   |  1- 3 |  4- 6 || total
-------------------------+-------+-------++-------
Melee: Unarmed           |     3 |       ||     3
       Tailslap          |     3 |     1 ||     4
       Spear             |    34 |     7 ||    41
 Cast: Foxfire           |    63 |    19 ||    82
       Conjure Flame     |     2 |       ||     2
 Stab: Sleeping          |     1 |       ||     1
  Eat: Chunk             |     3 |     2 ||     5
Armor: Skin              |    15 |     3 ||    18
Dodge: Dodged            |    34 |    17 ||    51
